 Dungeon Crawl Stone Soup version 0.28.0-43-g3370ac3207 (webtiles) character file.

Game seed: 7354987117199872838

79032 Bearnado the Fencer (level 15, -4/141 HPs)
             Began as a Minotaur Berserker on Mar 8, 2022.
             Was an Elder of Trog.
             Slain by a goliath frog (16 damage)
             ... on level 1 of the Swamp.
             The game lasted 02:06:35 (22768 turns).

Bearnado the Fencer (Minotaur Berserker)           Turns: 22768, Time: 02:06:41

Health: -4/141     AC: 18    Str: 30    XL:     15   Next: 19%
Magic:  14/14      EV: 11    Int:  3    God:    Trog [****..]
Gold:   2777       SH:  0    Dex: 18    Spells: 14/14 levels left

rFire   . . .      SeeInvis +   c - +8 frozen axe "Frostbite" {freezing cloud, *Noise Fly rC+}
rCold   + + .      Faith    .   (shield currently unavailable)
rNeg    . . .      Spirit   .   g - +4 plate armour {rC+}
rPois   .          Reflect  .   X - +2 hat
rElec   .          Harm     .   D - +2 cloak of the Worm {-Tele Will+++ Int-3 Dex+5}
rCorr   .          Rampage  .   x - +1 pair of gloves {infuse}
Will    ++++.      NoTele   +   G - +0 pair of boots
Stlth   ..........              H - amulet of regeneration
HPRegen 1.13/turn               e - +6 ring of strength
MPRegen 0.14/turn               l - ring of see invisible

@: corroded, on berserk cooldown, flying, slowed, very slow
A: horns 2, retaliatory headbutt, mutation resistance 1
a: Renounce Religion, Berserk, Trog's Hand, Brothers in Arms


You were on level 1 of the Swamp.
You worshipped Trog.
Trog was greatly pleased with you.
You visited 4 branches of the dungeon, and saw 21 of its levels.
You also visited: Sewer and Bailey.

You collected 3333 gold pieces.
You spent 556 gold pieces at shops.

Inventory:

Hand Weapons
 a - a +0 shortbow
 c - the +8 frozen axe "Frostbite" (weapon) {freezing cloud, *Noise Fly rC+}
   (You found it on level 6 of the Lair of Beasts)

   It freezes those it strikes, dealing additional cold damage.
   It can also slow down cold-blooded creatures.
   It occasionally leaves clouds of freezing vapour upon striking a foe.
   It grants immunity to clouds of freezing vapour.
   rC:        It protects you from cold.
   Fly:       It grants you flight.
   *Noise:    It may make noises in combat.
 f - the +8 dire flail "Orb Guardian's Foe" {flame, rPois}
   (Trog gifted it to you on level 6 of the Lair of Beasts)

   It burns those it strikes, dealing additional fire damage.
   rPois:     It protects you from poison.
 Y - the +5 long sword of Patterns {vorpal, rF+}
   (You found it on level 8 of the Dungeon)

   It inflicts extra damage upon your enemies.
   rF:        It protects you from fire.
Missiles
 k - 344 arrows
 u - 45 poisoned darts (quivered)
Armour
 g - a +4 plate armour of cold resistance (worn)
 p - a +1 chain mail of fire resistance
 t - a +0 kite shield
 x - a +1 pair of gloves of infusion (worn)
 D - the +2 cloak of the Worm (worn) {-Tele Will+++ Int-3 Dex+5}
   (You found it on level 10 of the Dungeon)

   Int:       It affects your intelligence (-3).
   Dex:       It affects your dexterity (+5).
   -Tele:     It prevents most forms of teleportation.
   Will:      It greatly increases your willpower.
 G - a +0 pair of boots (worn)
 Q - the +2 scale mail of Yredelemnul's Pride {+Blink}
   (You found it on level 5 of the Lair of Beasts)

   +Blink:    It lets you blink.
 X - a +2 hat (worn)
Jewellery
 e - a +6 ring of strength (left hand)
 l - a ring of see invisible (right hand)
 H - an amulet of regeneration (around neck)
Wands
 q - a wand of flame (20)
 v - a wand of paralysis (18)
 w - a wand of iceblast (23)
 K - a wand of polymorph (20)
Scrolls
 h - 4 scrolls of magic mapping
 i - a scroll of identify
 j - 4 scrolls of fear
 m - 9 scrolls of enchant armour
 J - 8 scrolls of enchant weapon
 V - 4 scrolls of fog
Potions
 d - 4 potions of resistance
 A - a potion of heal wounds
 C - 4 potions of curing
 F - 5 potions of might
 M - 3 potions of haste
Miscellaneous
 b - a condenser vane
 E - a condenser vane
 W - a phial of floods


   Skills:
 + Level 15.0 Fighting
 + Level 15.6 Long Blades
 + Level 2.0 Axes
 + Level 10.3 Staves
 + Level 2.0(4.6) Slings
 + Level 12.5 Bows
 + Level 6.0(6.2) Throwing
 + Level 14.9 Armour
 + Level 5.4 Dodging
 + Level 2.3 Stealth
 + Level 2.5 Shields
 + Level 2.8 Evocations


You had 14 spell levels left.
You didn't know any spells.
Your spell library was empty.

Dungeon Overview and Level Annotations

Branches:
Dungeon (12/15)            Temple (0/1) D:7            Lair (6/6) D:8
  Swamp (1/4) Lair:2       Spider (0/4) Lair:3        Slime (0/5) Lair:6
    Orc (2/2) D:12            Elf (0/3) Orc:2         Sewer (visited)
 Bailey (visited)

Altars:
Ashenzari
Kikubaaqudgha
Beogh

Shops:
Orc:2 !!([


Innate Abilities, Weirdness & Mutations

You have a pair of horns on your head.
You reflexively headbutt those who attack you in melee.
You are somewhat resistant to further mutation.


Message History

An eleionoma comes into view.
Found a scroll labelled XOINNOP FAORGH.
The eleionoma flows through the trees.
You feel much better. The goliath frog hits you from afar!
The acid corrodes you!
You are splashed with acid!
The goliath frog hits you but does no damage.
The goliath frog hits you! The acid corrodes you!
You are splashed with acid!
* * * LOW HITPOINT WARNING * * *
The goliath frog hits you but does no damage.
Unknown command.
You miss the goliath frog. You barely miss the eleionoma.
The eleionoma hurls a spray of splinters at you.
The spray of wooden splinters hits you but does no damage.
The goliath frog closely misses you. The goliath frog hits you.
* * * LOW HITPOINT WARNING * * *
You are splashed with acid!
* * * LOW HITPOINT WARNING * * *
The eleionoma hits you!
* * * LOW HITPOINT WARNING * * *
An alligator comes into view.
The goliath frog hits you but does no damage.
The eleionoma hits you!
* * * LOW HITPOINT WARNING * * *
You feel much better. The goliath frog hits you.
* * * LOW HITPOINT WARNING * * *
The acid corrodes you!
You are splashed with acid.
* * * LOW HITPOINT WARNING * * *
The eleionoma hurls a spray of splinters at you.
The spray of wooden splinters hits you.
* * * LOW HITPOINT WARNING * * *
The goliath frog hits you but does no damage.
The eleionoma hits you but does no damage.
As you read the scroll of summoning, it crumbles to dust.
Wisps of shadow whirl around you... The goliath frog hits you.
* * * LOW HITPOINT WARNING * * *
The acid corrodes you!
You are splashed with acid!
* * * LOW HITPOINT WARNING * * *
The eleionoma barely misses you.
The alligator puts on a burst of speed!
The goliath frog hits you!
You die...

♣♣♣.≈≈≈≈≈≈.≈♣♣.≈≈. ?..
♣♣.....≈≈≈≈ .♣≈≈..≈
....♣♣≈..§.!.≈§≈ ♣......
♣≈..♣≈..≈≈...... ♣.....≈
♣≈..♣≈.≈≈≈≈.§..♣♣.._...
♣♣...≈.≈≈≈≈≈≈≈≈.≈♣......
♣♣..≈≈!.§≈§≈≈≈≈≈≈........
♣♣♣..≈≈≈t≈R.≈≈≈.....≈≈≈.≈≈.
♣♣♣../≈≈≈≈§≈@n.≈≈......≈≈≈§≈≈
♣♣♣≈≈≈≈≈≈≈≈≈wF≈..≈≈≈≈≈..≈≈≈....
♣^≈≈≈≈≈≈≈.§≈F≈≈≈≈§≈..♣♣♣≈≈≈>...
.≈≈..≈≈≈....≈≈≈....♣♣♣♣≈.≈≈....
.≈≈≈§≈≈.≈.......≈..♣ ♣♣...≈≈.≈
.≈≈§≈≈†.≈....≈....♣♣♣ ♣..≈≈...
....§≈≈†...)...♣....♣♣ ♣..†≈...
≈.≈.≈§≈.....≈≈≈.≈≈≈.≈♣♣♣≈(..≈≈§
≈♣♣.≈§≈..≈♣.≈≈≈.≈≈≈≈≈≈.)≈≈..≈≈≈


You could see an eleionoma (ally target), an alligator (swift), a goliath frog
(ally target), a friendly tyrant leech (summoned), a friendly goliath frog
(summoned) and a friendly bloated husk (summoned).

Vanquished Creatures
  Jorgrun (Swamp:1)
  Gastronok (Lair:3)
  2 bunyips (Swamp:1)
  3 boulder beetles
  An ice dragon (Lair:5)
  7 hydras
  2 catoblepae (Lair:6)
  4 two-headed ogres
  Erica (D:9)
  2 alligators (Swamp:1)
  A deep troll shaman (Lair:6)
  6 death yaks
  2 orc high priests
  Sonja (Lair:3)
  5 orc knights
  A lindwurm (Lair:6)
  A deep elf pyromancer (Orc:1)
  4 deep elf zephyrmancers
  2 cyclopes (D:12)
  7 orc sorcerers
  A will-o-the-wisp (Swamp:1)
  9 elephants
  2 torpor snails
  2 centaur zombies
  4 black mambas
  9 cane toads
  2 gargoyles
  An unseen horror (D:11)
  3 rime drakes
  7 komodo dragons
  An efreet (D:12)
  5 trolls
  2 hornets
  A tyrant leech (Swamp:1)
  11 blink frogs
  6 slime creatures
  4 dream sheep (Lair:4)
  3 shadows (D:12)
  60 yaks
  3 wyverns
  A vampire (D:12)
  2 basilisks
  A wraith (D:11)
  Eustachio (D:5)
  A redback (Lair:3)
  3 wargs (Orc:1)
  15 water moccasins
  A swamp drake (D:11)
  31 orc warriors
  A black bear (Lair:6)
  2 necrophages
  7 ogres
  8 centaurs
  20 wolves
  A phantom (D:12)
  2 kobold brigands
  11 bullfrogs
  A scorpion (D:4)
  A wyvern skeleton (D:7)
  An electric eel (Lair:3)
  6 wights
  6 howler monkeys
  A crimson imp (D:11)
  A centaur skeleton (D:7)
  Crazy Yiuf (D:6)
  A gnoll shaman (D:6)
  13 orc priests
  2 hounds (D:5)
  A jelly (D:8)
  An iron imp (D:11)
  3 iguanas
  24 orc wizards
  2 killer bee zombies
  6 ogre zombies (D:12)
  A hound skeleton (D:5)
  2 howler monkey zombies
  5 gnolls (D:6)
  17 adders
  A river rat (D:3)
  A shadow imp (D:11)
  3 white imps
  2 ufetubi
  A worm (D:3)
  A dart slug (D:1)
  75 orcs
  5 ball pythons
  5 bats
  7 endoplasms
  5 giant cockroaches
  4 jackals
  7 quokkas
  11 frilled lizards
  13 goblins
  A goblin zombie (D:12)
  A hobgoblin skeleton (D:12)
  3 hobgoblin zombies (D:12)
  15 kobolds
  An orc skeleton (D:12)
  13 orc zombies (D:12)
  10 rats
579 creatures vanquished.

Vanquished Creatures (collateral kills)
  2 orc warlords (Orc:1)
  A fire dragon (D:11)
  Erolcha (Orc:1)
  A catoblepas (Lair:6)
  3 death yaks (Lair:6)
  2 orc high priests (Orc:2)
  A deep elf archer (Orc:1)
  2 orc knights
  3 orc sorcerers (Orc:2)
  2 oklob plants (Lair:6)
  A redback (Lair:3)
  4 orc warriors
  An ogre (Orc:1)
  An orc priest (Orc:2)
  3 orc wizards
  An orc (Bailey)
29 creatures vanquished.

Vanquished Creatures (others)
  A bloated husk (Swamp:1)
  An orc (D:11)
  9 foxfires (Swamp:1)
  10 fungi
  12 plants
33 creatures vanquished.

Grand Total: 641 creatures vanquished

Notes
Turn   | Place    | Note
-------+----------+-------------------------------------------
     0 | D:1      | Bearnado the Minotaur Berserker began the quest for the
                  | Orb.
     0 | D:1      | Reached XP level 1. HP: 19/19 MP: 0/0
   345 | D:1      | Reached XP level 2. HP: 26/27 MP: 1/1
   470 | D:1      | Found a faded altar of an unknown god.
  1318 | D:2      | Reached XP level 3. HP: 28/33 MP: 2/2
  1394 | D:2      | Reached ** piety under Trog
  2163 | D:3      | Reached skill level 1 in Throwing
  2163 | D:3      | Reached XP level 4. HP: 35/40 MP: 3/3
  2267 | D:3      | Reached skill level 5 in Long Blades
  2282 | D:3      | Reached XP level 5. HP: 46/46 MP: 4/4
  2297 | D:3      | Found a glowing drain.
  2301 | Sewer    | Entered a sewer
  2545 | Sewer    | Reached *** piety under Trog
  2616 | Sewer    | Reached XP level 6. HP: 48/53 MP: 5/5
  3718 | D:4      | Reached XP level 7. HP: 54/60 MP: 6/6
  3758 | D:4      | Reached skill level 5 in Fighting
  4087 | D:5      | Entered Level 5 of the Dungeon
  4260 | D:5      | Noticed Eustachio
  4298 | D:5      | Killed Eustachio
  4710 | D:5      | Reached XP level 8. HP: 69/69 MP: 7/7
  5425 | D:6      | Reached skill level 5 in Armour
  5803 | D:6      | Reached skill level 1 in Slings
  6038 | D:6      | Reached skill level 1 in Stealth
  6358 | D:6      | Found a runed translucent door.
  6359 | D:6      | Noticed Crazy Yiuf
  6367 | D:6      | Killed Crazy Yiuf
  6576 | D:7      | Found a staircase to the Ecumenical Temple.
  7177 | D:7      | Reached XP level 9. HP: 63/75 MP: 8/8
  7257 | D:7      | Reached skill level 1 in Bows
  7893 | D:8      | Reached **** piety under Trog
  7992 | D:8      | Identified the +5 long sword of Patterns {vorpal, rF+}
  8110 | D:8      | Paralysed by a hornet for 1 turns
  8167 | D:8      | Noticed Erica
  8284 | D:8      | Found a staircase to the Lair.
  8582 | D:9      | Killed Erica
  8633 | D:9      | Noticed a troll
  8673 | D:9      | Killed a troll
  8695 | D:9      | Found a broken altar of Ashenzari.
  8893 | D:9      | Noticed a two-headed ogre
  8897 | D:9      | Killed a two-headed ogre
  8898 | D:9      | Reached XP level 10. HP: 86/86 MP: 9/9
  9113 | D:10     | Entered Level 10 of the Dungeon
  9113 | D:10     | Found a flagged portal.
  9253 | D:10     | Reached skill level 10 in Long Blades
  9413 | Bailey   | Entered a bailey
  9552 | Bailey   | Noticed an orc knight
  9573 | Bailey   | Killed an orc knight
  9631 | Bailey   | Noticed an orc knight
  9660 | Bailey   | Killed an orc knight
  9667 | Bailey   | Reached skill level 1 in Evocations
  9778 | D:10     | Noticed a two-headed ogre
  9786 | D:10     | Killed a two-headed ogre
  9819 | D:10     | Identified the +2 cloak of the Worm {-Tele Will+++ Int-3
                  | Dex+5}
  9857 | D:10     | Reached skill level 5 in Dodging
  9868 | D:10     | Reached XP level 11. HP: 95/95 MP: 10/10
  9925 | D:10     | Gained mutation: You are robust. (+10% HP) [potion of
                  | mutation]
  9925 | D:10     | Gained mutation: You are partially covered in iridescent
                  | scales. (AC +2) [potion of mutation]
  9926 | D:10     | Lost mutation: You are partially covered in iridescent
                  | scales. (AC +2) [potion of mutation]
  9926 | D:10     | Lost mutation: You are robust. (+10% HP) [potion of
                  | mutation]
  9926 | D:10     | Gained mutation: You are frail. (-10% HP) [potion of
                  | mutation]
  9926 | D:10     | Lost mutation: You are frail. (-10% HP) [potion of
                  | mutation]
  9926 | D:10     | Gained mutation: You passively map a small area around you.
                  | [potion of mutation]
 10495 | D:11     | Noticed a two-headed ogre
 10502 | D:11     | Killed a two-headed ogre
 10713 | D:11     | Noticed a boulder beetle
 10743 | D:11     | Killed a boulder beetle
 10744 | D:11     | Reached skill level 10 in Bows
 10885 | D:11     | Noticed a fire dragon
 10899 | D:11     | Killed a fire dragon
 11528 | D:11     | Noticed a deep elf zephyrmancer
 11534 | D:11     | Killed a deep elf zephyrmancer
 11535 | D:11     | Reached skill level 10 in Fighting
 11539 | D:11     | Noticed a deep elf zephyrmancer
 11552 | D:11     | Killed a deep elf zephyrmancer
 11698 | D:12     | Noticed a boulder beetle
 11714 | D:12     | Killed a boulder beetle
 11915 | D:12     | Reached XP level 12. HP: 97/107 MP: 11/11
 12011 | D:12     | Noticed a two-headed ogre
 12021 | D:12     | Killed a two-headed ogre
 12022 | D:12     | Reached skill level 10 in Armour
 12302 | D:12     | Reached skill level 5 in Throwing
 12421 | D:12     | Found a staircase to the Orcish Mines.
 12457 | D:12     | Reached ***** piety under Trog
 12693 | D:12     | Received a gift from Trog
 12843 | Orc:1    | Entered Level 1 of the Orcish Mines
 13030 | Orc:1    | Noticed an orc high priest
 13042 | Orc:1    | Killed an orc high priest
 13048 | Orc:1    | Noticed an orc warlord
 13064 | Orc:1    | Killed an orc warlord
 13230 | Orc:1    | Noticed an orc warlord
 13240 | Orc:1    | Noticed Erolcha
 13265 | Orc:1    | Killed an orc warlord
 13266 | Orc:1    | Reached XP level 13. HP: 66/118 MP: 12/12
 13266 | Orc:1    | Killed Erolcha
 13466 | Orc:2    | Entered Level 2 of the Orcish Mines
 13653 | Orc:2    | Found a staircase to the Elven Halls.
 14033 | Orc:2    | Reached skill level 1 in Staves
 14261 | Orc:2    | Found Plog's Distillery.
 14317 | Orc:2    | Reached skill level 5 in Staves
 14468 | Orc:2    | Found Mekat's Weapon Emporium.
 14483 | Orc:2    | Found Kodyaq's Armour Emporium.
 14485 | Orc:2    | Found Gempunuu's Distillery.
 14575 | Orc:2    | Bought a potion of heal wounds for 55 gold pieces
 14575 | Orc:2    | Bought a potion of heal wounds for 55 gold pieces
 14575 | Orc:2    | Bought a potion of resistance for 110 gold pieces
 14587 | Orc:2    | Bought a potion of might for 48 gold pieces
 14587 | Orc:2    | Bought a potion of heal wounds for 60 gold pieces
 14587 | Orc:2    | Bought 2 potions of mutation for 192 gold pieces
 14587 | Orc:2    | Bought a potion of lignification for 36 gold pieces
 14919 | D:8      | Lost mutation: You passively map a small area around you.
                  | [potion of mutation]
 14919 | D:8      | Gained mutation: You occasionally shout uncontrollably at
                  | your foes. [potion of mutation]
 14920 | D:8      | Lost mutation: You occasionally shout uncontrollably at
                  | your foes. [potion of mutation]
 14920 | D:8      | Gained mutation: You are somewhat resistant to further
                  | mutation. [potion of mutation]
 14924 | Lair:1   | Entered Level 1 of the Lair of Beasts
 14969 | Lair:1   | Reached skill level 1 in Shields
 15872 | Lair:2   | Identified the +1 scale mail of the Fisher {Slay+2}
 16053 | Lair:2   | Found a staircase to the Swamp.
 16548 | Lair:3   | Received a gift from Trog
 16573 | Lair:3   | Noticed Gastronok
 16588 | Lair:3   | Killed Gastronok
 16589 | Lair:3   | Reached XP level 14. HP: 129/129 MP: 13/13
 16615 | Lair:3   | Noticed Sonja
 16719 | Lair:3   | Killed Sonja
 16729 | Lair:3   | Found a hole to the Spider Nest.
 17853 | Lair:4   | You fall into a shaft and drop 1 floor!
 18937 | Lair:5   | Identified the +2 scale mail of Yredelemnul's Pride
                  | {+Blink}
 19237 | Lair:6   | Entered Level 6 of the Lair of Beasts
 19288 | Lair:6   | Identified the +8 dire flail "Orb Guardian's Foe" {flame,
                  | rPois} (Trog gifted it to you on level 6 of the Lair of
                  | Beasts)
 19288 | Lair:6   | Received a gift from Trog
 19418 | Lair:6   | Reached skill level 15 in Long Blades
 19534 | Lair:6   | Found the +8 frozen axe "Frostbite" {freezing cloud, *Noise
                  | Fly rC+}
 19913 | Lair:6   | Identified a scroll of acquirement
 21077 | Lair:6   | Found a staircase to the Slime Pits.
 21603 | Lair:4   | Reached XP level 15. HP: 139/139 MP: 6/14
 22051 | Lair:4   | Reached skill level 10 in Staves
 22507 | D:8      | Acquired 1033 gold pieces
 22553 | Swamp:1  | Entered Level 1 of the Swamp
 22562 | Swamp:1  | Found an ancient bone altar of Kikubaaqudgha.
 22675 | Swamp:1  | Noticed Jorgrun
 22696 | Swamp:1  | Killed Jorgrun
 22742 | Swamp:1  | Reached skill level 1 in Axes
 22744 | Swamp:1  | Reached skill level 15 in Fighting
 22766 | Swamp:1  | HP: 1/141 [eleionoma (15)]
 22768 | Swamp:1  | Slain by a goliath frog

Illustrated notes

Levels and vault maps discovered:
D:1:      amcnicky_arrival_double_pillar, layout_loops_ring,
          hellmonk_ecumenical_altar_pennies_from_heaven, minmay_3d_cube
D:2:      minmay_general_purpose_star, layout_loops_ring, corexii_shack,
          chequers_garden
D:3:      layout_loops_ring, lightli_sewer_entry_pipes
D:4:      layout_basic
D:5:      layout_loops_ring, hex_medium, hangedman_glass_teeth,
          grunt_decor_arrowhead, serial_bayou_pond_e, uniq_eustachio
D:6:      layout_basic, corexii_checkpoint_a, minmay_fractal_squares_5,
          uniq_crazy_yiuf_cottage
D:7:      layout_layer_cave, minmay_temple_entry_purple_smoke
D:8:      layout_basic, lair_entry_dummy, uniq_erica
D:9:      layout_rooms, mainiacjoe_overflow_24_doors
D:10:     layout_roguey, enter_bailey_5
D:11:     layout_layer_cave, hangedman_minor_magic
D:12:     layout_small_grid, zombieorc1_lemuel, minmay_misc_feat_ornament
Lair:1:   layout_loops_ring
Lair:2:   layout_long_grid, minmay_swamp_entry_worms, st_stairs_6
Lair:3:   layout_gridlike, spider_nest_entry_webs, grunt_megastairs_4,
          serial_bayou_shore_a, uniq_sonja, uniq_gastronok
Lair:4:   layout_long_grid
Lair:5:   layout_layer_cave, bobbens_ice_dragon_lair
Lair:6:   grunt_lair_end_beastmaster, layout_small_grid,
          minmay_slime_entry_oklob_enclosed, chequers_serial_rivers_marsh,
          minmay_shattered_shrine
Swamp:1:  layout_basic_swamp, basic_altar, uniq_jorgrun
Orc:1:    layout_caves, elf_legates, uniq_erolcha
Orc:2:    st_orc_elflike, layout_caves, nicolae_orc_pool_cavern, mines2_david

Skill      XL: |  1  2  3  4  5  6  7  8  9 10 11 12 13 14 15 |
---------------+----------------------------------------------+-----
Fighting       | 4 5 6 7 8 10 12 13 14 15 | 15.0
Long Blades    | 4 5 6 8 9 10 12 14 15 | 15.6
Armour         | 3 4 7 8 9 11 12 14 | 14.9
Throwing       | 1 2 3 4 5 6 |  6.0
Dodging        | 3 4 5 |  5.4
Slings         | 2 |  2.0
Stealth        | 1 2 |  2.3
Bows           | 7 9 11 12 | 12.5
Evocations     | 1 2 |  2.8
Staves         | 8 9 10 | 10.3
Shields        | 1 2 |  2.5
Axes           | 2 |  2.0

Action                   |  1- 3 |  4- 6 |  7- 9 | 10-12 | 13-15 || total
-------------------------+-------+-------+-------+-------+-------++-------
Melee: Falchion          |    97 |   117 |   146 |       |       ||   360
       Headbutt          |     8 |    19 |    36 |    81 |   211 ||   355
       Punch             |     1 |     1 |     4 |     7 |     1 ||    14
       Quarterstaff      |       |       |    17 |       |   285 ||   302
       Long sword        |       |       |    34 |   365 |   143 ||   542
       Scimitar          |       |       |       |       |   244 ||   244
       Great sword       |       |       |       |       |     3 ||     3
       Executioner's axe |       |       |       |       |    26 ||    26
 Fire: Shortbow          |       |       |    96 |   146 |    91 ||   333
       Hunting sling     |       |       |     3 |       |       ||     3
Throw: Dart              |    21 |    20 |       |    30 |    22 ||    93
       Stone             |     2 |    14 |     8 |       |       ||    24
Invok: Berserk           |       |     2 |     7 |     7 |     8 ||    24
       Trog's Hand       |       |       |     1 |     2 |     3 ||     6
       Brothers in Arms  |       |       |       |     5 |     5 ||    10
Evoke: Wand              |       |       |       |    17 |    24 ||    41
       Condenser vane    |       |       |       |     1 |       ||     1
  Use: Scroll            |       |     4 |     4 |     5 |    15 ||    28
       Potion            |       |       |       |     5 |     9 ||    14
 Stab: Distracted        |       |       |       |     1 |       ||     1
Armor: Animal skin       |     4 |       |       |       |       ||     4
       Leather armour    |    22 |    21 |       |       |       ||    43
       Scale mail        |       |    10 |    77 |       |       ||    87
       Plate armour      |       |       |    54 |   186 |   431 ||   671
Dodge: Dodged            |    59 |    82 |   131 |   184 |   309 ||   765
Block: Kite shield       |       |       |       |       |    65 ||    65
